 Dungeon Crawl Stone Soup version 0.21.1-1-g345015f (webtiles) character file.

65185 twistedcrescendo the Warrior (level 14, 0/143 HPs)
             Began as a Minotaur Berserker on June 21, 2018.
             Was a High Priest of Trog.
             Slain by an alligator (6 damage)
             ... on level 4 of the Lair of Beasts.
             The game lasted 02:45:08 (24679 turns).

twistedcrescendo the Warrior (Minotaur Berserker)  Turns: 24679, Time: 02:45:09

Health: 0/143      AC: 20    Str: 22    XL:     14   Next: 74%
Magic:  22/22      EV: 14    Int:  2    God:    Trog [*****.]
Gold:   2239       SH:  9    Dex: 15    Spells: 13/13 levels left

rFire    + + .     SeeInvis .   e - +6 demon whip "Ceuhi" {elec, +Rage}
rCold    + . .     Gourm    .   a - +4 buckler of Miracles {MP+9}
rNeg     . . .     Faith    .   j - +2 plate armour {rF+}
rPois    .         Spirit   .   (helmet restricted)
rElec    .         Reflect  .   I - scarf {rC+ rF+}
rCorr    +         Harm     .   Y - +0 pair of gloves
MR       ++...                  (no boots)
Stlth    ..........             (no amulet)
HPRegen  0.33/turn              T - ring of protection from magic
MPRegen  0.18/turn              o - ring of resist corrosion

@: lethally poisoned (0 -> 0), very slow
A: retaliatory headbutt, horns 2, dopey 1
a: Berserk, Trog's Hand, Brothers in Arms, Burn Spellbooks, Renounce Religion,
Evoke Berserk Rage


You were on level 4 of the Lair of Beasts.
You worshipped Trog.
Trog was extremely pleased with you.
You were near starving.

You visited 4 branches of the dungeon, and saw 20 of its levels.
You also visited: Volcano.

You collected 2239 gold pieces.

Inventory:

Hand Weapons
 e - the +6 demon whip "Ceuhi" (weapon) {elec, +Rage}
   (Trog gifted it to you on level 4 of the Lair of Beasts)

   Occasionally, upon striking a foe, it will discharge some electrical energy
   and cause terrible harm.
   It lets you go berserk.
 m - a +5 great mace of holy wrath
 r - a +2 broad axe of flaming
 z - a +1 antimagic morningstar
Armour
 a - the +4 buckler of Miracles (worn) {MP+9}
   (You acquired it on level 10 of the Dungeon)

   It affects your magic capacity (+9).
 j - a +2 plate armour of fire resistance (worn)
 I - a scarf of resistance (worn)
 Q - a +0 cloak
 W - a +3 plate armour of cold resistance
 Y - a +0 pair of gloves (worn)
Jewellery
 o - a ring of resist corrosion (right hand)
 A - an uncursed ring of fire {unknown}
 H - an uncursed amulet of rage {unknown}
 T - a ring of protection from magic (left hand)
Wands
 f - a wand of acid (15)
 k - a wand of polymorph (11)
 p - a wand of digging (16)
 x - a wand of clouds (5)
 D - a wand of enslavement (38)
 N - a wand of disintegration (18)
 Z - a wand of iceblast (13)
Scrolls
 d - 11 scrolls of teleportation
 h - 2 scrolls of enchant weapon
 t - 4 scrolls of enchant armour
 u - 11 scrolls of remove curse
 v - 2 scrolls of identify
 y - 2 scrolls of blinking
 C - a scroll of silence
 E - a scroll of vulnerability
 K - 3 scrolls of immolation
Potions
 b - a potion of ambrosia
 g - 5 potions of haste
 i - 8 potions of curing
 l - a potion of resistance {unknown}
 n - 5 potions of agility
 q - 3 potions of magic
 s - 2 potions of heal wounds
 w - a potion of berserk rage
 L - 3 potions of flight {unknown}
 M - 3 potions of brilliance {unknown}
 O - 6 potions of might
 S - 2 potions of lignification
 U - 4 potions of cancellation {unknown}
Books
 J - a book of Changes

   Spells                             Type                      Level
   a - Beastly Appendage              Transmutation                1
   b - Sticks to Snakes               Transmutation                2
   c - Spider Form                    Transmutation/Poison         3
   d - Ice Form                       Ice/Transmutation            4
   e - Blade Hands                    Transmutation                5
   Trog disapproves of the use of such an item.
 R - a book of Changes

   Spells                             Type                      Level
   a - Beastly Appendage              Transmutation                1
   b - Sticks to Snakes               Transmutation                2
   c - Spider Form                    Transmutation/Poison         3
   d - Ice Form                       Ice/Transmutation            4
   e - Blade Hands                    Transmutation                5
   Trog disapproves of the use of such an item.
 V - a book of Minor Magic

   Spells                             Type                      Level
   a - Magic Dart                     Conjuration                  1
   b - Blink                          Translocation                2
   c - Call Imp                       Summoning                    2
   d - Slow                           Hexes                        2
   e - Conjure Flame                  Conjuration/Fire             3
   f - Mephitic Cloud                 Conjuration/Poison/Air       3
   Trog disapproves of the use of such an item.
 X - a book of Power

   Spells                             Type                      Level
   a - Iskenderun's Battlesphere      Conjuration/Charms           5
   b - Venom Bolt                     Conjuration/Poison           5
   c - Bolt of Magma                  Conjuration/Fire/Earth       5
   d - Iron Shot                      Conjuration/Earth            6
   e - Orb of Destruction             Conjuration                  7
   f - Spellforged Servitor           Conjuration/Summoning        7
   Trog disapproves of the use of such an item.
Comestibles
 c - 35 rations


   Skills:
 + Level 18.1 Fighting
 - Level 12.0 Maces & Flails
 * Level 15.5 Armour
 + Level 13.4 Dodging
 - Level 5.0 Shields


You had 13 spell levels left.
You didn't know any spells.

Dungeon Overview and Level Annotations

Branches:
Dungeon (11/15)            Temple (0/1) D:4            Lair (6/6) D:9
  Swamp (1/4) Lair:4       Spider (0/4) Lair:2        Slime (0/5) Lair:5
    Orc (2/2) D:11            Elf (0/3) Orc:2

Altars:
Ashenzari
Dithmenos
Elyvilon
Fedhas
Hepliaklqana
Kikubaaqudgha
Nemelex Xobeh
Uskayaw
Vehumet
Wu Jian
Xom
The Shining One

Shops:
Orc:2 *:[(

Annotations:
D:5 1 runed door


Innate Abilities, Weirdness & Mutations

You reflexively headbutt those who attack you in melee.
You have a pair of horns on your head.
You are dopey. (Int -2)


Message History

* * * LOW HITPOINT WARNING * * *
You block the seven-headed hydra's attack.
The seven-headed hydra bites you but does no damage.
The seven-headed hydra bites you.
* * * LOW HITPOINT WARNING * * *
The seven-headed hydra closely misses you.
The alligator bites you but does no damage.
The alligator misses you.
You feel sick.
The alligator bites you but does no damage.
The alligator tail-slaps you but does no damage.
You block the seven-headed hydra's attack. x2
The seven-headed hydra closely misses you. x2
The seven-headed hydra bites you but does no damage.
The seven-headed hydra bites you.
* * * LOW HITPOINT WARNING * * *
You block the seven-headed hydra's attack.
The alligator bites you but does no damage.
The alligator tail-slaps you.
You die...

...........# .#
...........##♣♣♣♣♣.#
..........###.♣≈§§♣♣#
#.##.##....# ♣§§§§§§#
######.....##♣§§§§§§##
###....#...≈§§§§≈≈≈#
##....###...≈§§≈w§§.# ##
##.<.### ###..§≈tD≈≈.#
#. #....# #..♣≈@♣♣..##
## ..####
##..♣≈♣♣...##########.
.##
##..≈≈....##.#.##.##..
##
##.....................
#
#..........#...........
#
##...................#..
#.................######
###...............###
#P...............##


You could see an alligator, a seven-headed hydra and a tyrant leech.

Vanquished Creatures
  An orc warlord (Orc:2)
  A red draconian (Volcano)
  4 dire elephants (Lair:6)
  The ghost of Thian the Grappler, a journeyman TrMo of Cheibriados (D:9)
  6 hydras
  A two-headed ogre (D:9)
  An anaconda (Lair:6)
  14 death yaks
  A queen ant (Lair:2)
  2 orc high priests (Orc:2)
  A salamander mystic (Volcano)
  A lindwurm (Lair:6)
  4 orc knights
  3 orc sorcerers
  3 ugly things (D:11)
  6 salamanders (Volcano)
  A wolf spider (Lair:2)
  A cyclops (D:11)
  2 oklob plants (Lair:5)
  15 elephants
  3 black mambas
  A gargoyle (D:11)
  7 spiny frogs
  A rime drake (Lair:4)
  9 komodo dragons
  A yaktaur (D:11)
  The ghost of Hypnagogic the Magician, a novice DECj (D:5)
  2 jumping spiders (Lair:2)
  3 trolls
  Grinder (D:3)
  Prince Ribbit (D:5)
  9 hippogriffs
  16 blink frogs
  Sigmund (D:2)
  A wyvern (D:10)
  A redback (Lair:2)
  12 yaks
  A vampire (D:7)
  2 basilisks
  A hungry ghost (D:9)
  3 vampire mosquitoes (Swamp:1)
  Edmund (D:5)
  6 insubstantial wisps (Swamp:1)
  A warg (Orc:1)
  6 soldier ants
  2 hell hounds (D:9)
  25 orc warriors
  Duvessa (D:5)
  11 porcupines
  7 water moccasins
  A swamp drake (Swamp:1)
  An eye of draining (D:11)
  2 sky beasts
  4 phantoms
  A black bear (D:9)
  7 wolves
  8 ogres
  4 centaurs
  9 crocodiles
  A big kobold (D:7)
  Blork the orc (D:4)
  A gnoll sergeant (D:7)
  12 bullfrogs
  A water moccasin zombie (D:6)
  Dowan (D:5)
  A wyvern skeleton (D:6)
  4 scorpions
  7 killer bees
  6 wights
  6 howler monkeys
  6 electric eels
  4 crimson imps
  2 lava snakes (Lair:2)
  A bullfrog zombie (D:9)
  4 jellies
  2 centaur skeletons
  10 orc priests
  A bullfrog skeleton (D:4)
  4 hounds
  24 orc wizards
  Terence (D:3)
  3 iguanas
  Natasha (thrice) (D:2)
  27 worker ants
  A hound skeleton (D:11)
  A worker ant zombie (D:8)
  A howler monkey skeleton (D:9)
  3 gnolls (D:7)
  8 adders
  A shadow imp (D:11)
  2 oozes (D:2)
  An adder zombie (D:9)
  4 worms
  4 dart slugs
  4 leopard geckos
  54 orcs
  6 ball pythons
  9 bats
  6 giant cockroaches
  13 goblins
  10 hobgoblins
  6 jackals
  13 kobolds
  2 quokkas
  A ball python skeleton (D:4)
  7 frilled lizards
  6 rats
  2 butterflies (D:5)
  4 plants
545 creatures vanquished.

Vanquished Creatures (others)
  A vampire mosquito (Swamp:1)
  A swamp drake (Swamp:1)
  A hound (D:4)
  A worker ant (D:4)
  An adder (D:4)
  An orc (D:4)
  A giant cockroach (D:4)
  11 fungi
  19 plants
37 creatures vanquished.

Grand Total: 582 creatures vanquished

Notes
Turn   | Place    | Note
-------+----------+-------------------------------------------
     0 | D:1      | twistedcrescendo the Minotaur Berserker began the quest for the Orb.
     0 | D:1      | Reached XP level 1. HP: 19/19 MP: 0/0
   100 | D:1      | Reached XP level 2. HP: 23/27 MP: 1/1
   130 | D:1      | Reached skill level 1 in Shields
   235 | D:1      | Reached skill level 4 in Fighting
   632 | D:1      | Reached XP level 3. HP: 33/33 MP: 2/2
   690 | D:1      | Reached ** piety under Trog
   888 | D:2      | Noticed Natasha
   899 | D:2      | Killed Natasha
   947 | D:2      | Reached XP level 4. HP: 37/41 MP: 3/3
   965 | D:2      | Noticed Natasha
   974 | D:2      | Killed Natasha
   994 | D:2      | Noticed Natasha
  1003 | D:2      | Killed Natasha
  1168 | D:2      | Noticed Sigmund
  1180 | D:2      | Reached XP level 5. HP: 44/47 MP: 4/4
  1190 | D:2      | Killed Sigmund
  1190 | D:2      | Reached skill level 5 in Fighting
  1190 | D:2      | Reached skill level 5 in Maces & Flails
  1190 | D:2      | Reached skill level 5 in Shields
  1190 | D:2      | Reached XP level 6. HP: 32/56 MP: 5/5
  2061 | D:3      | Noticed Terence
  2070 | D:3      | Killed Terence
  2129 | D:3      | Reached *** piety under Trog
  2158 | D:3      | Noticed Grinder
  2159 | D:3      | Paralysed by Grinder for 5 turns
  2167 | D:3      | Found a white marble altar of Elyvilon.
  2182 | D:3      | HP: 2/57 [Grinder (8)]
  2183 | D:3      | Killed Grinder
  2183 | D:3      | Reached skill level 6 in Fighting
  2183 | D:3      | Reached XP level 7. HP: 2/64 MP: 6/6
  2572 | D:3      | Found a hide-covered altar of Uskayaw.
  2859 | D:4      | Found a shimmering altar of Xom.
  2873 | D:4      | Noticed Blork the orc
  2879 | D:4      | Killed Blork the orc
  2942 | D:4      | Reached skill level 7 in Fighting
  2953 | D:4      | Found a staircase to the Ecumenical Temple.
  3489 | D:4      | Reached XP level 8. HP: 74/74 MP: 7/7
  3589 | D:4      | Found a glowing golden altar of the Shining One.
  3787 | D:5      | Entered Level 5 of the Dungeon
  3873 | D:5      | Reached skill level 8 in Fighting
  3906 | D:5      | Noticed Edmund
  3919 | D:5      | Killed Edmund
  4039 | D:5      | Noticed Hypnagogic's ghost (novice DECj)
  4054 | D:5      | Killed Hypnagogic's ghost
  4054 | D:5      | Reached skill level 9 in Fighting
  4086 | D:5      | Received a gift from Trog
  4164 | D:5      | Found a shimmering altar of Xom.
  4211 | D:5      | Found a runed door.
  4244 | D:5      | Found a runed door.
  4284 | D:5      | Noticed Dowan
  4287 | D:5      | Found an ancient bone altar of Kikubaaqudgha.
  4287 | D:5      | Noticed Duvessa
  4294 | D:5      | Killed Duvessa
  4313 | D:5      | Killed Dowan
  4323 | D:5      | HP: 3/78 [poisoned by Dowan]
  4635 | D:5      | Noticed Prince Ribbit
  4883 | D:5      | Killed Prince Ribbit
  4883 | D:5      | Reached XP level 9. HP: 85/85 MP: 8/8
  5029 | D:5      | Reached skill level 10 in Fighting
  5029 | D:5      | Reached skill level 10 in Maces & Flails
  5231 | D:6      | Reached skill level 11 in Fighting
  5332 | D:6      | Reached **** piety under Trog
  5454 | D:6      | Found a hazy altar of Hepliaklqana.
  5769 | D:6      | Found a blossoming altar of Fedhas.
  6018 | D:7      | Found a hazy altar of Hepliaklqana.
  6084 | D:7      | Reached XP level 10. HP: 81/97 MP: 9/9
  6244 | D:7      | Reached skill level 12 in Fighting
  6676 | D:8      | Found a shadowy altar of Dithmenos.
  6716 | D:8      | Found an ornate altar of the Wu Jian Council.
  6920 | D:8      | Reached ***** piety under Trog
  7639 | D:9      | Found a radiant altar of Vehumet.
  7652 | D:9      | Noticed a two-headed ogre
  7665 | D:9      | Killed a two-headed ogre
  7665 | D:9      | Reached skill level 5 in Armour
  7665 | D:9      | Reached skill level 5 in Dodging
  7949 | D:9      | Reached skill level 13 in Fighting
  8093 | D:9      | Found a staircase to the Lair.
  8455 | D:9      | Found a sparkling altar of Nemelex Xobeh.
  8597 | D:9      | Found a shattered altar of Ashenzari.
  8630 | D:9      | Reached XP level 11. HP: 107/107 MP: 10/10
  8661 | D:9      | Noticed Thian's ghost (journeyman TrMo)
  8686 | D:9      | Killed Thian's ghost
  8994 | Lair:1   | Entered Level 1 of the Lair of Beasts
  9012 | Lair:1   | Noticed a seven-headed hydra
  9020 | Lair:1   | Killed a seven-headed hydra
  9230 | Lair:1   | Noticed a five-headed hydra
  9242 | Lair:1   | Killed a five-headed hydra
  9698 | Lair:1   | Reached skill level 14 in Fighting
 10940 | Lair:2   | Noticed a six-headed hydra
 10952 | Lair:2   | Killed a six-headed hydra
 11122 | Lair:2   | Reached XP level 12. HP: 82/118 MP: 11/11
 11176 | Lair:2   | Noticed a queen ant
 11192 | Lair:2   | Killed a queen ant
 11192 | Lair:2   | Reached skill level 10 in Armour
 11586 | Lair:2   | Noticed a death yak
 11586 | Lair:2   | Noticed a death yak
 11588 | Lair:2   | Noticed a death yak
 11589 | Lair:2   | Noticed a death yak
 11618 | Lair:2   | Killed a death yak
 11634 | Lair:2   | Killed a death yak
 11641 | Lair:2   | Killed a death yak
 11641 | Lair:2   | Reached skill level 15 in Fighting
 11896 | Lair:2   | Killed a death yak
 12440 | Lair:2   | Reached skill level 10 in Dodging
 13020 | Lair:2   | Found a hole to the Spider Nest.
 13291 | D:10     | Entered Level 10 of the Dungeon
 13469 | D:10     | Got a clouded jade amulet
 13480 | D:10     | Identified the amulet "Qybiej" {Inacc *Contam Str+6} (You found it on level 10 of the Dungeon)
 13936 | D:10     | Identified a scroll of acquirement
 13937 | D:10     | Got a jewelled buckler
 13948 | D:10     | Identified the +4 buckler of Miracles {MP+9} (You acquired it on level 10 of the Dungeon)
 14141 | D:11     | Received a gift from Trog
 14173 | D:11     | Reached ****** piety under Trog
 14472 | D:11     | Reached skill level 16 in Fighting
 15034 | D:11     | Found a staircase to the Orcish Mines.
 15054 | D:11     | Noticed a five-headed hydra
 15063 | D:11     | Killed a five-headed hydra
 15391 | Orc:1    | Entered Level 1 of the Orcish Mines
 15760 | Orc:2    | Entered Level 2 of the Orcish Mines
 15783 | Orc:1    | Paralysed by an orc sorcerer for 6 turns
 16118 | Orc:1    | Reached XP level 13. HP: 98/129 MP: 12/12
 16153 | Orc:2    | Noticed an orc warlord
 16462 | Orc:2    | HP: 4/130 [orc warlord/great sword of holy wrath (26)]
 17119 | Orc:2    | Killed an orc warlord
 17126 | Orc:2    | Found Gawkidec's Book Shop.
 17354 | Orc:2    | Found Iruiklai's Antique Armour Shoppe.
 17679 | Orc:2    | Gained mutation: You are dopey. (Int -2) [a neqoxec]
 17689 | Orc:2    | Received a gift from Trog
 17730 | Orc:2    | Found Genamy's General Store.
 17820 | Orc:2    | Found Zefal's Antique Weapon Shop.
 18489 | Orc:2    | Found a staircase to the Elven Halls.
 19563 | Lair:3   | Reached skill level 17 in Fighting
 20508 | Lair:4   | Received a gift from Trog
 20509 | Lair:4   | Got a shimmering demon whip {god gift}
 20510 | Lair:4   | Identified the +6 demon whip "Ceuhi" {elec, +Rage} (Trog gifted it to you on level 4 of the Lair of Beasts)
 20707 | Lair:4   | Found a staircase to the Swamp.
 21732 | Lair:5   | Found a staircase to the Slime Pits.
 21821 | Lair:5   | Reached XP level 14. HP: 130/140 MP: 13/13
 22384 | Lair:6   | Entered Level 6 of the Lair of Beasts
 22452 | Lair:6   | Found a dark tunnel.
 22461 | Volcano  | Entered a volcano
 22490 | Volcano  | Found a burning altar of Makhleb.
 23743 | Lair:6   | Reached skill level 15 in Armour
 23773 | Lair:6   | Reached skill level 18 in Fighting
 24612 | Swamp:1  | Entered Level 1 of the Swamp
 24628 | Swamp:1  | Received a gift from Trog
 24629 | Swamp:1  | Found the +10 dark maul {crush}
 24679 | Lair:4   | HP: 6/143 [seven-headed hydra (3)]
 24679 | Lair:4   | Slain by an alligator

Skill      XL: |  1  2  3  4  5  6  7  8  9 10 11 12 13 14 |
---------------+-------------------------------------------+-----
Shields        | 1 2 3 5 |  5.0
Fighting       | 4 5 6 7 9 11 13 14 16 17 18 | 18.1
Maces & Flails | 4 5 6 7 9 11 12 | 12.0
Armour         | 6 9 11 13 15 | 15.5
Dodging        | 5 8 10 12 13 | 13.4

Action                   |  1- 3 |  4- 6 |  7- 9 | 10-12 | 13-15 || total
-------------------------+-------+-------+-------+-------+-------++-------
Melee: Mace              |    56 |   125 |   328 |   726 |   119 ||  1354
       Headbutt          |    10 |    24 |    76 |   222 |   208 ||   540
       Morningstar       |       |       |       |    76 |   122 ||   198
       Demon whip        |       |       |       |       |   373 ||   373
       Great mace        |       |       |       |       |    73 ||    73
Invok: Trog's Hand       |       |     2 |     3 |     1 |     3 ||     9
       Berserk           |       |     1 |     5 |     9 |     8 ||    23
       Burn Spellbooks   |       |       |       |       |     1 ||     1
Evoke: Wand              |       |       |     6 |     1 |     3 ||    10
  Use: Scroll            |       |     1 |     6 |    21 |     5 ||    33
       Potion            |       |       |       |     2 |     2 ||     4
 Stab: Sleeping          |     1 |       |       |       |       ||     1
  Eat: Chunk             |       |     5 |    12 |    28 |    31 ||    76
       Ration            |       |       |     2 |     4 |     1 ||     7
Armor: Animal skin       |    11 |    10 |       |       |       ||    21
       Scale mail        |       |     5 |   125 |   296 |    14 ||   440
       Ring mail         |       |     5 |       |       |       ||     5
       Plate armour      |       |       |       |       |   268 ||   268
Dodge: Dodged            |    28 |    62 |   145 |   401 |   344 ||   980
Block: Buckler           |     7 |    22 |    42 |    98 |   233 ||   402
